Map: Dreamcatcher LE

Players

Patience

  • Race: Protoss Protoss
  • Spawn Location: 5:00

Zanster - Winner!

  • Race: Zerg Zerg
  • League: Master
  • Spawn Location: 11:00

Event: HomeStory Cup XVII

VOD

Have the link to the VOD?

Description

Time

  • Played on: June 29, 2018, 3:05 p.m.
  • Length: 11:39

All games in this series

Show
View Real Time Build Order
Export as new Build Order

Patience Protoss 

Build Orders: 1 Gate Expand, Oracle Opening, Phoenix Opening, Archon Immortal, Zealot Archon, Archon Drop 

Get SALT Encoding   

  12  0:00  Probe  
  13  0:13  Probe  
  14  0:18  Pylon  
  14  0:23  Probe  
  15  0:32  Probe  
  15  0:38  Gateway  
  15  0:40  Probe  
  16  0:47  Assimilator  
  17  0:52  Probe  
  18  1:04  Probe  
  19  1:19  Probe  
  20  1:26  Nexus  
  20  1:36  Cybernetics Core  
  20  1:38  Probe  
  21  1:44  Assimilator  
  21  1:50  Probe  
  22  1:54  Pylon  
  22  2:02  Probe  
  22  2:03  Adept  
  23  2:14  Probe  
  26  2:19  Stargate  
  26  2:26  Probe, Warp Gate  
  27  2:30  Adept  
  27  2:37  Probe x2  
  31  2:45  Probe x2  
  33  2:53  Probe  
  33  2:54  Probe  
  33  2:55  Phoenix  
  35  3:05  Probe  
  38  3:06  Probe  
  39  3:13  Pylon  
  39  3:17  Oracle, Probe  
  40  3:21  Adept  
  40  3:24  Probe  
  46  3:31  Probe  
  46  3:34  Assimilator  
  47  3:36  Assimilator, Probe  
  47  3:43  Probe  
  47  3:44  Pylon  
  47  3:48  Probe  
  49  3:52  Adept  
  49  3:55  Probe  
  52  3:59  Probe  
  52  4:02  Robotics Facility  
  53  4:07  Probe x2  
  54  4:13  Twilight Council  
  54  4:15  Probe  
  55  4:19  Probe  
  57  4:26  Probe  
  58  4:31  Gateway, Probe  
  58  4:32  Gateway  
  59  4:38  Probe, Warp Prism  
  59  4:44  Gateway, Probe  
  57  4:46  Zealot  
  57  4:50  Probe  
  62  4:58  Templar Archives  
  62  5:00  Forge  
  62  5:05  Pylon  
  62  5:06  Pylon  
  62  5:23  Probe x2, Observer  
  65  5:28  Nexus  
  65  5:30  Pylon  
  65  5:32  Protoss Ground Weapons Level 1  
  65  5:35  Probe  
  66  5:37  High Templar x3  
  66  5:39  High Templar, Pylon  
  74  5:42  Archon  
  74  5:43  Archon  
  73  5:50  Gateway x2  
  73  5:52  Charge  
  73  5:54  Gateway  
  73  5:56  Immortal, Gateway  
  73  6:02  Probe x2  
  79  6:16  Probe  
  79  6:17  Probe  
  81  6:20  Sentry x2  
  81  6:21  Zealot  
  87  6:28  Probe, Pylon  
  87  6:29  Immortal, Probe  
  87  6:30  Sentry  
  87  6:32  Pylon  
  91  6:40  Probe x2  
  91  6:42  Probe  
  98  6:52  Probe x2  
  98  6:54  Assimilator, Probe  
  101  6:55  Assimilator  
  101  6:59  Zealot x2  
  101  7:00  Zealot x2  
  109  7:02  Immortal  
  109  7:04  Probe x2  
  109  7:08  Protoss Ground Weapons Level 2  
  111  7:11  Zealot x4  
  123  7:19  Pylon  
  123  7:20  Pylon  
  123  7:33  Immortal, High Templar  
  125  7:38  High Templar, Zealot x2  
  125  7:39  Zealot x3  
  125  7:42  Pylon x2  
  125  7:43  Archon  
  141  8:04  Zealot x6  
  144  8:06  Immortal  
  144  8:08  Zealot  
  134  8:30  Zealot x6  
  134  8:32  High Templar x2  
  145  8:37  Archon  
  143  8:45  Immortal  
  143  8:52  Zealot x6  
  157  9:09  Psionic Storm  
  157  9:14  Pylon  
  157  9:16  Pylon  
  152  9:26  Observer  
  152  9:35  High Templar x4  
  152  9:38  Zealot x4  
  169  9:43  Pylon  
  169  9:46  Probe x2  
  169  9:47  Probe, Pylon  
  169  9:48  Photon Cannon  
  172  9:53  Pylon  
  172  10:01  Observer  
  171  10:09  Zealot x8  
  185  10:17  Observer  
  153  10:32  High Templar x4  
  153  10:33  Zealot x3  
  145  10:38  Archon  
  140  10:42  Archon  
  140  10:43  Archon  
  140  10:47  Zealot  
  136  10:55  Archon  
  104  10:58  Zealot x3  
  82  11:10  High Templar  
  82  11:11  High Templar x2  
  76  11:19  Zealot  
  76  11:24  Probe  
  78  11:27  Probe  
Show
View Real Time Build Order
Export as new Build Order

Zanster Zerg - Winner!

Build Orders: Hatch First, Lurkers, Roach Hydra 

Get SALT Encoding   

  12  0:00  Drone  
  13  0:12  Overlord  
  13  0:17  Drone  
  14  0:30  Drone x2  
  16  0:49  Hatchery  
  15  0:52  Drone  
  15  0:55  Drone  
  17  0:59  Drone  
  18  1:09  Extractor  
  18  1:10  Drone  
  18  1:18  Spawning Pool  
  18  1:21  Drone  
  18  1:28  Drone  
  19  1:40  Drone  
  20  1:48  Overlord  
  20  2:06  Queen x2  
  20  2:07  Zergling x4  
  26  2:08  Metabolic Boost  
  26  2:12  Drone  
  26  2:15  Drone  
  28  2:21  Drone  
  29  2:23  Drone  
  30  2:40  Drone  
  30  2:42  Hatchery  
  30  2:45  Queen  
  30  2:47  Drone  
  30  2:50  Drone  
  34  2:54  Overlord  
  34  2:57  Drone  
  35  2:59  Drone  
  35  3:04  Overlord  
  36  3:16  Drone x3  
  36  3:18  Drone x4  
  43  3:21  Drone  
  44  3:27  Overlord  
  44  3:28  Queen  
  44  3:32  Overlord  
  46  3:45  Spore Crawler  
  46  3:48  Drone x5  
  46  3:49  Spore Crawler  
  46  3:51  Drone x3  
  46  3:55  Overlord  
  52  3:59  Spore Crawler, Drone  
  52  4:00  Drone  
  53  4:05  Drone x2  
  55  4:10  Drone  
  55  4:15  Zergling x2  
  57  4:19  Zergling x4  
  57  4:23  Drone  
  57  4:24  Drone x4  
  64  4:28  Drone x2  
  66  4:31  Overlord  
  66  4:35  Lair  
  63  4:40  Drone x2  
  63  4:41  Drone  
  65  4:45  Roach Warren  
  65  4:47  Drone  
  65  4:48  Drone  
  65  4:52  Drone x3  
  69  4:56  Overlord  
  69  5:00  Drone x4, Extractor  
  69  5:01  Drone  
  69  5:02  Extractor  
  72  5:11  Overlord, Extractor  
  72  5:13  Overlord  
  70  5:14  Drone  
  70  5:21  Overlord  
  70  5:26  Roach x6  
  70  5:27  Overlord  
  82  5:29  Roach  
  82  5:32  Roach  
  82  5:34  Extractor  
  85  5:38  Overlord  
  85  5:46  Roach  
  85  5:47  Roach x3  
  85  5:48  Overlord  
  92  5:52  Glial Reconstitution  
  92  5:53  Drone, Hatchery  
  92  5:54  Drone  
  92  5:56  Drone  
  92  5:57  Drone x2  
  96  5:58  Overlord  
  96  6:02  Roach  
  96  6:03  Roach x4  
  106  6:05  Roach  
  106  6:07  Overlord  
  108  6:14  Overlord  
  108  6:16  Roach x2  
  112  6:19  Overlord  
  112  6:24  Roach  
  112  6:25  Roach x3  
  120  6:26  Overlord  
  120  6:35  Roach x4  
  120  6:38  Roach x2  
  132  6:42  Evolution Chamber  
  132  6:46  Roach  
  133  6:55  Roach  
  133  6:56  Roach x7  
  133  6:57  Hydralisk Den  
  148  7:01  Overlord  
  148  7:05  Overlord  
  148  7:12  Zerg Missile Weapons Level 1  
  148  7:18  Spore Crawler, Drone  
  148  7:19  Drone x7  
  148  7:22  Extractor  
  154  7:27  Hydralisk x4  
  162  7:30  Grooved Spines  
  162  7:38  Hydralisk  
  162  7:39  Hydralisk  
  166  7:51  Hydralisk x5  
  174  8:10  Overlord x4  
  174  8:12  Overlord  
  172  8:14  Overlord  
  172  8:19  Lurker Den  
  167  8:26  Drone x6  
  158  8:27  Hydralisk x2  
  158  8:34  Hydralisk x3  
  163  8:41  Muscular Augments  
  162  8:50  Hydralisk x7  
  174  8:57  Drone  
  174  8:58  Drone x5  
  180  9:02  Hydralisk  
  180  9:03  Hydralisk  
  184  9:10  Hydralisk x4  
  182  9:31  Overseer  
  178  9:45  Lurker x5  
  183  9:47  Drone, Extractor x2  
  183  9:48  Drone x3  
  183  9:49  Roach x6  
  197  9:54  Roach  
  197  9:56  Queen  
  197  9:58  Drone x2  
  199  10:04  Drone x5  
  199  10:05  Drone  
  198  10:08  Drone x3  
  198  10:09  Drone  
  192  10:22  Drone  
  192  10:25  Roach x5  
  185  10:31  Hydralisk, Roach  
  185  10:32  Roach x8  
  185  10:35  Queen  
  186  10:42  Hydralisk x7, Roach  
  188  10:55  Hydralisk x3  
  188  10:56  Roach  
  175  10:58  Roach  
  145  11:10  Roach x5, Zergling x2  
  145  11:11  Zergling x10  
  153  11:30  Extractor  
Tags
 
Add a new tag
Caveats
  • Supply blocks, unpowered buildings, or Contaminate may cause inaccurate times.
  • Supply counts are checked every 10 seconds.